 Dungeon Crawl Stone Soup version 0.31-a0-237-g2d982f9f85 (webtiles) character file.

Game seed: 12514326773493850916

2951 qw the Skirmisher (level 9, -1/79 HPs)
             Began as a Minotaur Hexslinger on July 11, 2023.
             Was an Initiate of Okawaru.
             Slain by an unseen horror (8 damage)
             ... on level 8 of the Dungeon.
             The game lasted 00:03:47 (7996 turns).

qw the Skirmisher (Minotaur Hexslinger)             Turns: 7996, Time: 00:03:47

Health: -1/79      AC:  8    Str: 13    XL:     9   Next: 51%
Magic:  11/11      EV: 17    Int: 10    God:    Okawaru [......]
Gold:   416        SH:  0    Dex: 17    Spells: 9/10 levels left

rFire   . . .        b - +0 orcbow
rCold   . . .        (shield currently unavailable)
rNeg    + . .        f - +2 leather armour {rN+}
rPois   .            (helmet restricted)
rElec   .            (no cloak)
rCorr   .            (no gloves)
SInv    .            c - +1 pair of boots
Will    .....        (no amulet)
Stlth   +++          (no ring)
HPRegen 0.33/turn    (no ring)
MPRegen 0.12/turn

%: no passive effects
@: heroic
A: horns 2, retaliatory headbutt
a: Renounce Religion


You were on level 8 of the Dungeon.
You worshipped Okawaru.
Okawaru was noncommittal.
You visited 1 branch of the dungeon, and saw 8 of its levels.
You also visited: Sewer.

You collected 416 gold pieces.


Innate Abilities, Weirdness & Mutations

You have a pair of horns on your head.
You reflexively headbutt those who attack you in melee.


   Skills:
 - Level 7.0(12.0) Fighting
 + Level 11.0(16.0) Ranged Weapons
 - Level 2.1(7.1) Armour
 - Level 5.3(10.3) Dodging
 - Level 1.0 Spellcasting
 - Level 2.0 Hexes
 - Level 4.1 Invocations


You had 9 spell levels left.
You knew the following spells:

 Your Spells              Type           Power      Damage    Failure   Level
a - Slow                  Hex            16%        N/A       19%         1

Your spell library contained the following spells:

 Spells                   Type           Power      Damage    Failure   Level
 Inner Flame              Hex/Fire       2%         N/A       63%         3
 Portal Projectile        Hex/Tloc       4%         N/A       63%         3
 Cause Fear               Hex            2%         N/A       88%         4

Inventory:

Hand Weapons
 b - a +0 orcbow (weapon)
Armour
 c - a +1 pair of boots (worn)
 f - a +2 leather armour of positive energy (worn)
 l - +0 steam dragon scales
Jewellery
 e - a ring of ice
 h - a ring of ice
Scrolls
 a - 4 scrolls of identify
Potions
 d - 3 potions of magic
 i - a potion of mutation
 j - 3 potions of curing
 k - a potion of resistance
 m - a potion of heal wounds

Dungeon Overview and Level Annotations

Branches:
Dungeon (8/15)             Temple (0/1) D:4            Lair (0/5) D:8
  Sewer (visited)

Altars:
Okawaru

Shops:
D:3 [   D:6 (

Annotations:
D:2 1 runed translucent door, Crazy Yiuf
D:6 1 runed translucent door, qw's ghost, novice GrHs
D:8 Amaemon


Message History

Amaemon casts a spell.
The scorpion misses you.
The scorpion stings you but does no damage.
The scorpion barely misses you. The scorpion closely misses you.
You furiously retaliate!
You headbutt the scorpion. You shoot an arrow. The arrow hits the scorpion.
The scorpion is almost dead.
Your surroundings suddenly seem different.
You feel very sick.
Enter note:
Enter note:
Enter note:
Enter note:
Enter note:
Enter note:
Enter note:
Enter note:
Enter note:
Enter note:
Enter note:
Enter note: You start resting.
You feel very sick. x2
You feel sick. x8
You are no longer poisoned.
Magic restored.
Something hits you but does no damage.
Deactivating autopickup; reactivate with Ctrl-A.
Something barely misses you.
Autopickup is now on.
You start resting.
Something closely misses you. Something hits you.
Deactivating autopickup; reactivate with Ctrl-A.
Autopickup is now on.
You start resting.
There is a strange disturbance nearby!
7996 ||| Stepping randomly (disturbance).
Found 18 gold pieces.
Something hits you!
You die...

#........
#........
#........
#........
....###### ....
....
###########....
#.....@........
........{.......
.
................
.
$...............
.
..####.....#####
# . #.....'
#.....#.
#.....###
#......


There were no monsters in sight!

Vanquished Creatures
  Eustachio (D:2)
  2 steam dragons
  4 water moccasins
  2 ice beasts
  A black bear (D:7)
  An ogre (D:7)
  A centaur (D:7)
  A phantom (D:5)
  3 kobold brigands
  A bullfrog (D:6)
  A gnoll sergeant (D:8)
  2 scorpions
  3 wights (D:7)
  3 howler monkeys (D:7)
  4 orc priests
  3 hounds
  A jelly (D:7)
  A sleepcap (D:4)
  Jessica (D:2)
  Natasha (twice) (D:4)
  3 iguanas
  3 orc wizards
  8 adders
  9 gnolls
  A shadow imp (D:7)
  5 white imps
  An ufetubus (D:7)
  3 worms (D:4)
  7 dart slugs
  20 orcs
  14 ball pythons
  7 endoplasms
  5 giant cockroaches
  4 goblins
  7 hobgoblins
  7 jackals
  5 quokkas
  7 bats
  4 frilled lizards
  19 kobolds
  6 rats
183 creatures vanquished.

Vanquished Creatures (others)
  A sleepcap (D:6)
1 creature vanquished.

Grand Total: 184 creatures vanquished

Notes
Turn   | Place    | Note
-------+----------+-------------------------------------------
     0 | D:1      | qw the Minotaur Hexslinger began the quest for the Orb.
     0 | D:1      | Reached XP level 1. HP: 16/16 MP: 1/1
     0 | D:1      | 0 ||| qw: Version: 0.3-a-52-g30416fa
     0 | D:1      | 0 ||| qw: Game counter: 5463
     0 | D:1      | 0 ||| qw: Melee chars always use a shield: true
     0 | D:1      | 0 ||| qw: God list: Okawaru
     0 | D:1      | 0 ||| qw: Allow faded altars: false
     0 | D:1      | 0 ||| qw: Do Orc after clearing Dungeon:15 true
     0 | D:1      | 0 ||| qw: Do second Lair branch before Depths: true
     0 | D:1      | 0 ||| qw: Lair rune preference: random
     0 | D:1      | 0 ||| qw: Goals: Normal
     0 | D:1      | 0 ||| PLANNING D:1-11
   106 | D:1      | Reached skill level 3 in Ranged Weapons
   111 | D:1      | Reached XP level 2. HP: 23/23 MP: 2/2
   176 | D:1      | Found a faded altar of an unknown god.
   652 | D:1      | Reached XP level 3. HP: 29/29 MP: 3/3
   668 | D:1      | 668 ||| UPGRADING to +0 leather armour.
   678 | D:1      | 678 ||| DROPPING +0 robe.
   679 | D:1      | 679 ||| READING 4 scrolls labelled GYCLUO QUPSU.
   680 | D:1      | 680 ||| READING scroll labelled UMUIXTAGHI.
   681 | D:1      | 681 ||| READING scroll labelled DIUPHE HORAMP.
   682 | D:1      | 682 ||| READING 4 scrolls labelled PIPSOQ COV.
   685 | D:1      | 685 ||| READING scroll labelled IKUGURE IKLIG.
   686 | D:1      | 686 ||| DROPPING 3 scrolls of immolation.
   687 | D:1      | 687 ||| DROPPING scroll of poison.
   852 | D:2      | Found an iron altar of Okawaru.
   853 | D:2      | 853 ||| PLANNING OKAWARU WORSHIP
   853 | D:2      | 853 ||| READING scroll labelled MIROEGU EMAUWEYTO.
   861 | D:2      | Reached skill level 4 in Ranged Weapons
   871 | D:2      | Became a worshipper of Warmaster Okawaru
   872 | D:2      | 872 ||| PLANNING D:1-11
   971 | D:2      | Found a runed translucent door.
   976 | D:2      | Noticed Crazy Yiuf
  1284 | D:2      | Noticed Jessica
  1293 | D:2      | Killed Jessica
  1294 | D:2      | Reached XP level 4. HP: 22/36 MP: 4/4
  1349 | D:2      | 1349 ||| READING scroll labelled RANGYTHASHRI.
  1350 | D:2      | 1350 ||| READING 4 scrolls of identify.
  1350 | D:2      | 1350 ||| IDENTIFYING fuming emerald potion
  1351 | D:2      | 1351 ||| READING 3 scrolls of identify.
  1351 | D:2      | 1351 ||| IDENTIFYING metallic orange potion
  1352 | D:2      | 1352 ||| READING 2 scrolls of identify.
  1352 | D:2      | 1352 ||| IDENTIFYING lumpy grey potion
  1353 | D:2      | 1353 ||| DROPPING potion of ambrosia.
  1390 | D:3      | Found Omikuorghay's Antique Armour Boutique.
  1400 | D:3      | 1400 ||| SHOPLISTING pair of gloves (94 gold, have 49).
  1400 | D:3      | 1400 ||| SHOPLISTING ring mail (84 gold, have 49).
  1588 | D:3      | 1588 ||| READING scroll of enchant weapon.
  1588 | D:3      | 1588 ||| ENCHANTING +2 sling.
  1602 | D:3      | Reached skill level 5 in Ranged Weapons
  2016 | D:3      | 2016 ||| UPGRADING to +0 ring mail.
  2026 | D:3      | 2026 ||| UPGRADING to +0 pair of boots.
  2031 | D:3      | 2031 ||| DROPPING +0 leather armour.
  2045 | D:4      | 2045 ||| PLANNING OSSUARY
  2102 | D:4      | Noticed Eustachio
  2118 | D:4      | HP: 8/37 [Eustachio/+0 rapier (4)]
  2119 | D:4      | 2119 ||| READING 4 scrolls of teleportation.
  2120 | D:4      | HP: 2/37 [Eustachio/+0 rapier (2)]
  2122 | D:4      | 2122 ||| READING 3 scrolls of teleportation.
  2192 | D:4      | Reached skill level 1 in Armour
  2245 | D:4      | Reached XP level 5. HP: 39/42 MP: 5/5
  2305 | D:4      | Noticed Natasha
  2313 | D:4      | Killed Natasha
  2314 | D:4      | Reached skill level 3 in Fighting
  2362 | D:4      | Found a staircase to the Ecumenical Temple.
  2383 | D:4      | 2383 ||| READING scroll of enchant armour.
  2383 | D:4      | 2383 ||| ENCHANTING +0 pair of boots.
  2529 | D:4      | 2529 ||| FLEEEEING.
  2530 | D:4      | 2530 ||| FLEEEEING.
  2531 | D:4      | 2531 ||| FLEEEEING.
  2532 | D:4      | 2532 ||| FLEEEEING.
  2533 | D:4      | 2533 ||| FLEEEEING.
  2534 | D:4      | 2534 ||| FLEEEEING.
  2542 | D:4      | 2542 ||| FLEEEEING.
  2543 | D:4      | 2543 ||| FLEEEEING.
  2544 | D:4      | 2544 ||| FLEEEEING.
  2545 | D:4      | 2545 ||| FLEEEEING.
  2549 | D:4      | 2549 ||| FLEEEEING.
  2550 | D:4      | 2550 ||| FLEEEEING.
  2551 | D:4      | 2551 ||| FLEEEEING.
  2552 | D:4      | 2552 ||| FLEEEEING.
  2553 | D:4      | 2553 ||| FLEEEEING.
  2554 | D:4      | 2554 ||| FLEEEEING.
  2555 | D:4      | 2555 ||| FLEEEEING.
  2556 | D:4      | 2556 ||| FLEEEEING.
  2561 | D:4      | 2561 ||| STAIRDANCE
  2622 | D:4      | 2622 ||| STAIRDANCE
  2626 | D:3      | 2626 ||| FLEEEEING.
  2627 | D:3      | 2627 ||| FLEEEEING.
  2629 | D:3      | 2629 ||| FLEEEEING.
  2630 | D:3      | 2630 ||| FLEEEEING.
  2631 | D:3      | 2631 ||| FLEEEEING.
  2632 | D:3      | 2632 ||| FLEEEEING.
  2633 | D:3      | 2633 ||| FLEEEEING.
  2639 | D:3      | 2639 ||| FLEEEEING.
  2640 | D:3      | 2640 ||| FLEEEEING.
  2643 | D:3      | 2643 ||| FLEEEEING.
  2644 | D:3      | 2644 ||| FLEEEEING.
  2645 | D:3      | 2645 ||| FLEEEEING.
  2668 | D:3      | HP: 11/45 [white imp/puff of frost[Eustachio] (7)]
  2669 | D:3      | 2669 ||| READING 2 scrolls of teleportation.
  2670 | D:3      | HP: 3/45 [ufetubus[Eustachio] (4)]
  2719 | D:3      | 2719 ||| FLEEEEING.
  2720 | D:3      | 2720 ||| FLEEEEING.
  2721 | D:3      | 2721 ||| FLEEEEING.
  2722 | D:3      | 2722 ||| FLEEEEING.
  2723 | D:3      | 2723 ||| FLEEEEING.
  2724 | D:3      | 2724 ||| FLEEEEING.
  2725 | D:3      | 2725 ||| FLEEEEING.
  2726 | D:3      | 2726 ||| FLEEEEING.
  2727 | D:3      | 2727 ||| FLEEEEING.
  2728 | D:3      | 2728 ||| FLEEEEING.
  2729 | D:3      | 2729 ||| FLEEEEING.
  2730 | D:3      | 2730 ||| FLEEEEING.
  2731 | D:3      | 2731 ||| FLEEEEING.
  2732 | D:3      | 2732 ||| FLEEEEING.
  2733 | D:3      | 2733 ||| FLEEEEING.
  2734 | D:3      | 2734 ||| FLEEEEING.
  2735 | D:3      | 2735 ||| FLEEEEING.
  2736 | D:3      | 2736 ||| FLEEEEING.
  2737 | D:3      | 2737 ||| FLEEEEING.
  2738 | D:3      | 2738 ||| FLEEEEING.
  2739 | D:3      | 2739 ||| FLEEEEING.
  2740 | D:3      | 2740 ||| FLEEEEING.
  2741 | D:3      | 2741 ||| FLEEEEING.
  2742 | D:3      | 2742 ||| FLEEEEING.
  2745 | D:3      | 2745 ||| FLEEEEING.
  2746 | D:3      | 2746 ||| FLEEEEING.
  2747 | D:3      | 2747 ||| FLEEEEING.
  2748 | D:3      | 2748 ||| FLEEEEING.
  2749 | D:3      | 2749 ||| FLEEEEING.
  2750 | D:3      | 2750 ||| FLEEEEING.
  2751 | D:3      | 2751 ||| FLEEEEING.
  2752 | D:3      | 2752 ||| STAIRDANCE
  2830 | D:3      | 2830 ||| STAIRDANCE
  2842 | D:2      | Killed Eustachio
  2842 | D:2      | Reached * piety under Okawaru
  2843 | D:2      | Reached skill level 6 in Ranged Weapons
  2843 | D:2      | Reached XP level 6. HP: 29/51 MP: 6/6
  2919 | D:2      | 2919 ||| RIP OSSUARY
  2919 | D:2      | 2919 ||| PLANNING D:1-11
  2950 | D:4      | 2950 ||| RIP OSSUARY
  2951 | D:4      | 2951 ||| INVOKING Heroism.
  2965 | D:4      | 2965 ||| STAIRDANCE
  3090 | D:4      | 3090 ||| INVOKING Heroism.
  3119 | D:4      | 3119 ||| INVOKING Heroism.
  3210 | D:4      | 3210 ||| INVOKING Heroism.
  3394 | D:4      | Noticed Natasha
  3399 | D:4      | 3399 ||| FLEEEEING.
  3400 | D:4      | 3400 ||| FLEEEEING.
  3401 | D:4      | 3401 ||| FLEEEEING.
  3402 | D:4      | 3402 ||| READING scroll of teleportation.
  3403 | D:4      | 3403 ||| FLEEEEING.
  3404 | D:4      | 3404 ||| FLEEEEING.
  3405 | D:4      | 3405 ||| FLEEEEING.
  3406 | D:4      | 3406 ||| FLEEEEING.
  3407 | D:4      | 3407 ||| FLEEEEING.
  3409 | D:4      | 3409 ||| FLEEEEING.
  3410 | D:4      | 3410 ||| FLEEEEING.
  3411 | D:4      | 3411 ||| FLEEEEING.
  3412 | D:4      | 3412 ||| FLEEEEING.
  3413 | D:4      | 3413 ||| FLEEEEING.
  3414 | D:4      | 3414 ||| FLEEEEING.
  3415 | D:4      | 3415 ||| FLEEEEING.
  3416 | D:4      | 3416 ||| FLEEEEING.
  3417 | D:4      | 3417 ||| FLEEEEING.
  3420 | D:4      | 3420 ||| FLEEEEING.
  3584 | D:4      | Killed Natasha
  3644 | D:4      | 3644 ||| DRINKING 2 green potions.
  3645 | D:4      | 3645 ||| DROPPING potion of degeneration.
  3683 | D:5      | Entered Level 5 of the Dungeon
  3690 | D:5      | 3690 ||| Stepping ~*~*~tactically~*~*~ (water).
  3701 | D:5      | Reached skill level 7 in Ranged Weapons
  3701 | D:5      | Reached XP level 7. HP: 44/59 MP: 7/7
  3776 | D:5      | Reached skill level 1 in Invocations
  3780 | D:5      | 3780 ||| INVOKING Heroism.
  3806 | D:5      | 3806 ||| DRINKING 3 potions of curing.
  3806 | D:5      | 3806 ||| (to cure confusion)
  3807 | D:5      | 3807 ||| INVOKING Heroism.
  3810 | D:5      | 3810 ||| DRINKING 2 potions of curing.
  3810 | D:5      | 3810 ||| (to cure confusion)
  3937 | D:5      | 3937 ||| SWAPPING to +1 sling of freezing.
  3938 | D:5      | 3938 ||| DROPPING +3 sling.
  3991 | D:5      | 3991 ||| INVOKING Heroism.
  4012 | D:5      | 4012 ||| INVOKING Heroism.
  4030 | D:5      | Reached skill level 8 in Ranged Weapons
  4101 | D:5      | 4101 ||| INVOKING Heroism.
  4507 | D:5      | 4507 ||| INVOKING Heroism.
  4668 | D:5      | 4668 ||| READING scroll labelled ZEFASOICVA.
  4669 | D:5      | 4669 ||| READING scroll labelled KAR ANOHYQEH.
  4764 | D:5      | 4764 ||| READING 4 scrolls of identify.
  4764 | D:5      | 4764 ||| IDENTIFYING fizzy silvery potion
  4799 | D:6      | 4799 ||| PLANNING SEWER
  4802 | D:6      | Noticed a steam dragon
  4814 | D:6      | HP: 9/60 [steam dragon] (8)]
  4815 | D:6      | 4815 ||| DRINKING potion of heal wounds.
  4819 | D:6      | Killed a steam dragon
  4820 | D:6      | Reached XP level 8. HP: 25/69 MP: 8/8
  4821 | D:6      | 4821 ||| FLEEEEING.
  4822 | D:6      | 4822 ||| STAIRDANCE
  4964 | D:6      | 4964 ||| STAIRDANCE
  5012 | D:6      | Reached skill level 3 in Invocations
  5018 | D:6      | 5018 ||| INVOKING Heroism.
  5201 | D:6      | Found a glowing drain.
  5202 | D:6      | 5202 ||| UPGRADING to +2 leather armour of positive energy.
  5212 | D:6      | 5212 ||| DROPPING +0 ring mail.
  5213 | D:6      | 5213 ||| READING 6 scrolls of identify.
  5213 | D:6      | 5213 ||| IDENTIFYING smoky black potion
  5223 | Sewer    | Entered a sewer
  5231 | Sewer    | 5231 ||| Stepping ~*~*~tactically~*~*~ (water).
  5587 | Sewer    | 5587 ||| READING 2 scrolls labelled NAVVIF NAEHAF.
  5588 | Sewer    | 5588 ||| READING scroll labelled JEWIES VUGIGH.
  5589 | Sewer    | 5589 ||| DROPPING scroll of fog.
  5594 | D:6      | 5594 ||| PLANNING D:1-11
  5642 | D:6      | Found Osigoy's Weapon Shoppe.
  5682 | D:6      | 5682 ||| INVOKING Heroism.
  5687 | D:6      | Reached skill level 3 in Dodging
  5815 | D:6      | Reached skill level 9 in Ranged Weapons
  5848 | D:6      | Reached skill level 6 in Fighting
  5888 | D:6      | 5888 ||| INVOKING Heroism.
  5903 | D:6      | HP: 12/70 [water moccasin (6)]
  5904 | D:6      | 5904 ||| READING 3 scrolls of teleportation.
  5905 | D:6      | 5905 ||| DRINKING potion of heal wounds.
  6202 | D:6      | 6202 ||| Stepping ~*~*~tactically~*~*~ (outnumbered).
  6216 | D:6      | 6216 ||| INVOKING Heroism.
  6401 | D:6      | Found a runed translucent door.
  6401 | D:6      | Noticed qw's ghost (novice GrHs)
  6503 | D:7      | 6503 ||| INVOKING Heroism.
  6510 | D:7      | Reached skill level 10 in Ranged Weapons
  6518 | D:7      | Reached XP level 9. HP: 75/75 MP: 9/11
  6618 | D:7      | 6618 ||| SWAPPING to +0 orcbow.
  6627 | D:7      | 6627 ||| INVOKING Heroism.
  6631 | D:7      | HP: 18/76 [wight/+0 trident (10)]
  6632 | D:7      | 6632 ||| READING 3 scrolls of teleportation.
  6644 | D:7      | 6644 ||| READING 2 scrolls of teleportation.
  6843 | D:7      | 6843 ||| DROPPING +1 sling of freezing.
  6879 | D:7      | 6879 ||| INVOKING Heroism.
  6965 | D:7      | 6965 ||| INVOKING Heroism.
  7250 | D:7      | 7250 ||| INVOKING Heroism.
  7433 | D:7      | Reached skill level 11 in Ranged Weapons
  7552 | D:7      | 7552 ||| READING 5 scrolls of identify.
  7552 | D:7      | 7552 ||| IDENTIFYING bubbling brown potion
  7625 | D:8      | 7625 ||| Stepping ~*~*~tactically~*~*~ (outnumbered).
  7627 | D:8      | 7627 ||| Stepping ~*~*~tactically~*~*~ (outnumbered).
  7634 | D:8      | 7634 ||| INVOKING Heroism.
  7825 | D:8      | 7825 ||| INVOKING Heroism.
  7923 | D:8      | Found a staircase to the Lair.
  7953 | D:8      | Noticed an orange demon
  7954 | D:8      | Noticed Amaemon
  7954 | D:8      | 7954 ||| INVOKING Heroism.
  7975 | D:8      | 7975 ||| INVOKING Heroism.
  7975 | D:8      | HP: 19/79 [Amaemon/+1 demon whip of venom (4)]
  7976 | D:8      | 7976 ||| READING scroll of teleportation.
  7977 | D:8      | 7977 ||| DRINKING 2 potions of heal wounds.
  7981 | D:8      | HP: 17/79 [poisoned by Amaemon]
  7986 | D:8      | HP: 11/79 [poisoned by Amaemon]
  7994 | D:8      | HP: 7/79 [something (4)]
  7996 | D:8      | 7996 ||| Stepping randomly (disturbance).
  7996 | D:8      | Slain by an unseen horror

Levels and vault maps discovered:
D:1:      dpeg_arrival_round_a, layout_basic, ebering_ecumenical_altar_petrified
D:2:      layout_loops_cross, basic_altar, hangedman_decor_clover_reticule,
          uniq_crazy_yiuf_cottage, uniq_jessica
D:3:      layout_loops_ring, serial_shops, shop
D:4:      layout_cave_pods, minmay_temple_entry_hall, enter_ossuary_3,
          uniq_eustachio, uniq_natasha
D:5:      wander_river, layout_basic
D:6:      layout_cave_pools, serial_shops, shop, hellmonk_ghost_happy_afterlife,
          cheibrodos_sewer_entry_drain, kennysheep_dice
D:7:      layout_gridville
D:8:      layout_gridville, lair_entry_dummy, serial_shops, shop,
          grunt_ministairs_15, uniq_amaemon

Skill      XL: |  1  2  3  4  5  6  7  8  9 |
---------------+----------------------------+-----
Ranged Weapons | 3 4 5 6 7 8 10 11 | 11.0
Fighting       | 2 3 4 5 6 7 |  7.0
Armour         | 1 2 |  2.1
Invocations    | 2 4 |  4.1
Dodging        | 3 5 |  5.3
Spellcasting   | |  1.0
Hexes          | |  2.0

Action                     |  1- 3 |  4- 6 |  7- 9 || total
---------------------------+-------+-------+-------++-------
   Fire: Sling             |   130 |   242 |   297 ||   669
         Orcbow            |       |       |   142 ||   142
 Invoke: Heroism           |       |     4 |    19 ||    23
    Use: Scroll            |     6 |    10 |    11 ||    27
         Potion            |       |     1 |     5 ||     6
 Armour: Robe              |     8 |       |       ||     8
         Leather armour    |     4 |     3 |    49 ||    56
         Ring mail         |       |    65 |    50 ||   115
         Skin              |       |     1 |       ||     1
  Dodge: Dodged            |    30 |   106 |   191 ||   327

Table legend:
 A = Non-vault XP
 B = Vault XP
 C = Vault XP percentage of total XP
 D = Non-vault monster count
 E = Vault monster count
 F = Vault count percentage of total count
                 A         B        C        D         E       F
            +---------+---------+-------+---------+---------+-------
      Total |    3567 |     650 |  15.4 |     159 |      25 |  13.6
            +---------+---------+-------+---------+---------+-------
        D:1 |      41 |       0 |   0.0 |      23 |       0 |   0.0
        D:2 |      52 |     239 |  82.1 |      24 |       2 |   7.7
        D:3 |      47 |       0 |   0.0 |      12 |       0 |   0.0
        D:4 |     235 |      36 |  13.3 |      29 |       1 |   3.3
        D:5 |     733 |       0 |   0.0 |      23 |       0 |   0.0
        D:6 |     964 |      84 |   8.0 |      21 |       3 |  12.5
        D:7 |    1297 |       0 |   0.0 |      25 |       0 |   0.0
        D:8 |     198 |     157 |  44.2 |       2 |       6 |  75.0
      Sewer |       0 |     134 | 100.0 |       0 |      13 | 100.0
            +---------+---------+-------+---------+---------+-------
